[Event "Early-Titled-Tuesday-Blitz-January-23-2024"]
[Site "Chess.com"]
[Date "2024.01.23"]
[Round "1"]
[White "NovakRatko"]
[Black "ukchessbomber"]
[Result "0-1"]
[WhiteElo "2348"]
[BlackElo "2659"]
[TimeControl "180+1"]
[EndTime "8:01:37 PST"]
[Termination "ukchessbomber won by resignation"]

1. d4 a6 2. c4 b5 3. cxb5 axb5 4. e4 Bb7 5. f3 e6 6. Be3 Nf6 7. Bd3 d5 8. e5 Nfd7 9. Bxb5 Be7 10. Ne2 O-O 11.
O-O c5 12. f4 Qb6 13. Bxd7 Nxd7 14. Qb3 Qxb3 15. axb3 Rxa1 0-1

[Event "Early-Titled-Tuesday-Blitz-January-23-2024"]
[Site "Chess.com"]
[Date "2024.01.23"]
[Round "1"]
[White "JonasEilenberg"]
[Black "leepday"]
[Result "1-0"]
[WhiteElo "2569"]
[BlackElo "2160"]
[TimeControl "180+1"]
[EndTime "8:02:02 PST"]
[Termination "JonasEilenberg won by resignation"]

1. d4 Nf6 2. Bf4 d5 3. e3 c5 4. Nf3 Nc6 5. Nbd2 Qb6 6. dxc5 Qxc5 7. a3 a5 8. c4 Nh5 9. cxd5 Nxf4 10. dxc6 Nd5 11.
Rc1 Qd6 12. Ne4 Qg6 13. cxb7 Bxb7 14. Bb5+ Kd8 15. Nc5 1-0

[Event "Early-Titled-Tuesday-Blitz-January-23-2024"]
[Site "Chess.com"]
[Date "2024.01.23"]
[Round "1"]
[White "lucliasco"]
[Black "Logman74"]
[Result "1-0"]
[WhiteElo "2888"]
[BlackElo "2488"]
[TimeControl "180+1"]
[EndTime "8:02:14 PST"]
[Termination "lucliasco won by resignation"]

1. d4 Nf6 2. c4 e6 3. Nf3 Bb4+ 4.
Nbd2 b6 5. e3 Bb7 6. Bd3 O-O 7.
O-O Be7 8. b3 d5 9. Ne5 Nbd7 10.
f4 c5 11. Bb2 Rc8 12. Rc1 cxd4 13. exd4 dxc4 14. bxc4 Nc5 15. dxc5 1-0

[Event "Early-Titled-Tuesday-Blitz-January-23-2024"]
[Site "Chess.com"]
[Date "2024.01.23"]
[Round "1"]
[White "Jesseinkman"]
[Black "vladislavkovalev"]
[Result "0-1"]
[WhiteElo "2456"]
[BlackElo "2843"]
[TimeControl "180+1"]
[EndTime "8:02:24 PST"]
[Termination "vladislavkovalev won by resignation"]

1. e4 e5 2. Nf3 Nc6 3. Nc3 Nf6 4. d4 exd4 5. Nxd4 Bb4 6. Nxc6 bxc6 7. Bd3 O-O 8. O-O d6 9. Bg5 h6 10. Bh4 Bc5 11.
Re1 g5 12. Bg3 Bg4 13. Qd2 Nh5 14. Bc4 Nxg3 15. hxg3 Re8 16. Na4 Bb6 17. Nxb6 axb6 18. f3 Be6 19. Kf2 Bxc4 20. Rh1 Qf6 0-1

[Event "Early-Titled-Tuesday-Blitz-January-23-2024"]
[Site "Chess.com"]
[Date "2024.01.23"]
[Round "1"]
[White "crazy_but_lazy"]
[Black "Roedor"]
[Result "1-0"]
[WhiteElo "2634"]
[BlackElo "2311"]
[TimeControl "180+1"]
[EndTime "8:02:39 PST"]
[Termination "crazy_but_lazy won by resignation"]

1. d4 Nf6 2. Nf3 g6 3. Nc3 d5 4.
Bf4 Bg7 5. Nb5 Na6 6. e3 O-O 7. h3 Ne4 8. Be2 c6 9. Nc3 Qa5 10. O-O Nxc3 11. bxc3 Qxc3 12. Rb1 Qa5 13. Qd2 Qxd2 14.
Nxd2 b6 15. c4 e6 16. Rfc1 Bb7 17. Nb3 Rfc8 18. Na5 bxa5 19. Rxb7 Nb4 20. a3 Nd3 21. Bxd3 1-0

[Event "Early-Titled-Tuesday-Blitz-January-23-2024"]
[Site "Chess.com"]
[Date "2024.01.23"]
[Round "1"]
[White "queen_iryna"]
[Black "Andrej2004"]
[Result "0-1"]
[WhiteElo "2305"]
[BlackElo "2629"]
[TimeControl "180+1"]
[EndTime "8:02:40 PST"]
[Termination "Andrej2004 won by resignation"]

1. e4 b6 2. d4 Bb7 3. f3 g6 4.
Be3 Bg7 5. Nc3 d6 6. Qd2 Nd7 7.
h4 h6 8. Nh3 e5 9. d5 f5 10. exf5 gxf5 11. g4 Ne7 12. O-O-O Nf6 13. Bb5+ Kf8 14. Bc4 f4 0-1

[Event "Early-Titled-Tuesday-Blitz-January-23-2024"]
[Site "Chess.com"]
[Date "2024.01.23"]
[Round "1"]
[White "Artyom_ChessMate"]
[Black "Elsa167"]
[Result "1-0"]
[WhiteElo "2516"]
[BlackElo "2905"]
[TimeControl "180+1"]
[EndTime "8:02:42 PST"]
[Termination "Artyom_ChessMate won by resignation"]

1. e4 c6 2. d4 d5 3. exd5 cxd5 4. Bd3 Nc6 5. c3 Nf6 6. Bf4 g6 7. Nd2 Bf5 8. Be2 h5 9. h3 e6 10. Ngf3 Bd6 11. Bxd6 Qxd6 12. O-O h4 13. Re1 O-O-O 14. b4 Kb8 15. b5 Na5 16. Ne5 Qe7 17. Qa4 b6 18. Qxa5 1-0

[Event "Early-Titled-Tuesday-Blitz-January-23-2024"]
[Site "Chess.com"]
[Date "2024.01.23"]
[Round "1"]
[White "GothamChess"]
[Black "kubal123"]
[Result "1-0"]
[WhiteElo "2754"]
[BlackElo "2429"]
[TimeControl "180+1"]
[EndTime "8:02:51 PST"]
[Termination "GothamChess won by resignation"]

1. e4 e6 2. b3 d5 3. Bb2 dxe4 4. Nc3 Nf6 5. Qe2 Nc6 6. O-O-O Nd4 7. Qe1 Be7 8. Nxe4 O-O 9. Nf3 c5 10. Bd3 b6 11.
Nxd4 cxd4 12. Nxf6+ Bxf6 13. Qe4 g6 14. Qxa8 Qc7 15.
Qf3 Bb7 16. Qxf6 1-0

[Event "Early-Titled-Tuesday-Blitz-January-23-2024"]
[Site "Chess.com"]
[Date "2024.01.23"]
[Round "1"]
[White "isaak2009"]
[Black "Boninknights"]
[Result "1-0"]
[WhiteElo "2646"]
[BlackElo "2331"]
[TimeControl "180+1"]
[EndTime "8:03:05 PST"]
[Termination "isaak2009 won by resignation"]

1. Nf3 Nf6 2. g3 g6 3. Bg2 Bg7 4.
O-O O-O 5. d3 d5 6. Nbd2 Nc6 7. e4 e5 8. c3 a5 9. a4 h6 10. Qc2 Re8 11. exd5 Nxd5 12. Nc4 Bf5 13. Nh4 Ndb4 14. cxb4 Bxd3 15. Qb3 e4 16. Be3 Bxf1 17.
Bxf1 axb4 18. Rd1 Nd4 19. Bxd4 Bxd4 20. Nxg6 fxg6 21. Ne5+ 1-0

[Event "Early-Titled-Tuesday-Blitz-January-23-2024"]
[Site "Chess.com"]
[Date "2024.01.23"]
[Round "1"]
[White "Denis_Makhnyov"]
[Black "anasta10"]
[Result "1-0"]
[WhiteElo "3017"]
[BlackElo "2521"]
[TimeControl "180+1"]
[EndTime "8:03:06 PST"]
[Termination "Denis_Makhnyov won by resignation"]

1. d4 Nf6 2. c4 e6 3. Nc3 d5 4. cxd5 exd5 5. Bg5 Be7 6. e3 c6 7. Bd3 Bg4 8. Qc2 h6 9. Bh4 Nbd7 10. Nge2 Nf8 11. h3 Bh5 12. Bxf6 Bxf6 13. Nf4 g6 14. g4 Bxg4 15. hxg4 Qd7 16. Qe2 O-O-O 17. O-O-O Re8 18.
Qf3 Bg5 19. Kb1 Qd6 20. Nfe2 Re7 21. e4 dxe4 22. Nxe4 Qd5 23. N2c3 Qa5 24. d5 Rg8 25. Nxg5 hxg5 26. dxc6 Ne6 27. Nd5 1-0

[Event "Early-Titled-Tuesday-Blitz-January-23-2024"]
[Site "Chess.com"]
[Date "2024.01.23"]
[Round "1"]
[White "Iball95"]
[Black "HackWithBlack"]
[Result "1-0"]
[WhiteElo "2764"]
[BlackElo "2432"]
[TimeControl "180+1"]
[EndTime "8:03:16 PST"]
[Termination "Iball95 won by resignation"]

1. e4 c6 2. d4 d5 3. exd5 cxd5 4. c4 Nf6 5. Nc3 Nc6 6. Nf3 Bg4 7. cxd5 Nxd5 8. h3 Bxf3 9. Qxf3 e6 10. Bb5 Rc8 11.
O-O Be7 12. Nxd5 Qxd5 13. Qxd5 exd5 14. Be3 a6 15. Ba4 Bf6 16. Rac1 O-O 17. Rfd1 Rfd8 18. Kf1 Ne7 19. g4 h6 20. Ke2 Ng6 21. Bb3 Ne7 1-0

[Event "Early-Titled-Tuesday-Blitz-January-23-2024"]
[Site "Chess.com"]
[Date "2024.01.23"]
[Round "1"]
[White "dosto07"]
[Black "tarno17"]
[Result "1-0"]
[WhiteElo "2556"]
[BlackElo "2071"]
[TimeControl "180+1"]
[EndTime "8:03:17 PST"]
[Termination "dosto07 won by resignation"]

1. e4 c5 2. Nf3 e6 3. c3 d5 4. exd5 Qxd5 5. d4 Nf6 6. Na3 a6 7. Nc4 Qd8 8. g3 b5 9. Nce5 Bb7 10. Bg2 cxd4 11. O-O Bd6 12. Nxf7 Kxf7 13. Ng5+ Kg6 14. Bxb7 Ra7 15. Qd3+ Kh5 16. Bf3+ 1-0

[Event "Early-Titled-Tuesday-Blitz-January-23-2024"]
[Site "Chess.com"]
[Date "2024.01.23"]
[Round "1"]
[White "Rikikits"]
[Black "WindWhistler11"]
[Result "1-0"]
[WhiteElo "2843"]
[BlackElo "2457"]
[TimeControl "180+1"]
[EndTime "8:03:20 PST"]
[Termination "Rikikits won by resignation"]

1. d4 Nf6 2. c4 e6 3. Nf3 c5 4. d5 exd5 5. cxd5 Bd6 6. g3 O-O 7. Bg2 Re8 8. O-O Bf8 9. Nc3 d6 10. Bf4 b6 11. Re1 Nh5 12. Bd2 Na6 13. e4 Nb4 14. Bg5 f6 15. Be3 Ba6 16. g4 Nd3 17.
gxh5 Nxe1 18. Nxe1 f5 19. Nd3 Qh4 20. Nf4 fxe4 21.
Ne6 Bd3 22. Bg5 1-0

[Event "Early-Titled-Tuesday-Blitz-January-23-2024"]
[Site "Chess.com"]
[Date "2024.01.23"]
[Round "1"]
[White "GlennTipton"]
[Black "amintabatabaei"]
[Result "0-1"]
[WhiteElo "2521"]
[BlackElo "3025"]
[TimeControl "180+1"]
[EndTime "8:03:23 PST"]
[Termination "amintabatabaei won by resignation"]

1. e4 c6 2. d4 g6 3. f4 d5 4.
e5 h5 5. Nf3 Bg4 6. Be3 e6 7.
Nbd2 Qc7 8. h3 Bxf3 9. Nxf3 c5 10. c3 a6 11. Qa4+ Nd7 12. Bb5 Rd8 13. Bxd7+ Rxd7 14.
dxc5 Bxc5 15. Bxc5 Qxc5 16. Nd4 Ne7 17. a3 Nf5 18.
Nxf5 gxf5 19. Qd4 Qxd4 20. cxd4 Rc7 21. Kd2 Rg8 22. Rhg1 Rg3 23. Rac1 Rxc1 24. Kxc1 h4 25. Kd2 Kd7 26. Ke2 a5 27. a4 Rb3 28. Rb1 Rb4 29.
Kd3 Rxa4 30. Rc1 Rb4 31. Rc2 Rb3+ 32. Ke2 a4 33. Kf2 b5 34. Ke2 b4 35. Kf2 a3 36. bxa3 bxa3 37. Kg1 Rb4 0-1

[Event "Early-Titled-Tuesday-Blitz-January-23-2024"]
[Site "Chess.com"]
[Date "2024.01.23"]
[Round "1"]
[White "HeroWilczek"]
[Black "Ticondriul"]
[Result "0-1"]
[WhiteElo "2415"]
[BlackElo "2732"]
[TimeControl "180+1"]
[EndTime "8:03:24 PST"]
[Termination "Ticondriul won by resignation"]

1. e4 Nc6 2. Nf3 d5 3. exd5 Qxd5 4. Nc3 Qh5 5. Be2 Bg4 6. O-O Nf6 7. h3 O-O-O 8. d3 e5 9. Nh2 Bxe2 10. Qxe2 Nd4 11. Qxh5 Nxh5 12. Bg5 f6 13. Be3 Nxc2 14. g4 Nf4 15. Bxf4 exf4 16. Rad1 Bc5 17. Nf3 Rhe8 18. Ne4 Bb6 19. Kg2 Nb4 20. Ne1 Rxe4 0-1

[Event "Early-Titled-Tuesday-Blitz-January-23-2024"]
[Site "Chess.com"]
[Date "2024.01.23"]
[Round "1"]
[White "Vegan4future"]
[Black "vovachesss"]
[Result "0-1"]
[WhiteElo "2482"]
[BlackElo "2867"]
[TimeControl "180+1"]
[EndTime "8:03:41 PST"]
[Termination "vovachesss won by resignation"]

1. e4 c5 2. Nf3 e6 3. b3 b6 4. Bd3 Bb7 5. O-O Nc6 6. Bb2 Nb4 7.
Qe2 Nxd3 8. Qxd3 Nf6 9. e5 Nd5 10. c4 Nf4 11. Qe3 g5 12. d4 Bh6 13. d5 g4 14. Nfd2 Nh3+ 15. gxh3 Bxe3 16. fxe3 Qg5 17. Rf4 gxh3+ 18. Kf1 Qg2+ 19. Ke1 Qxh2 20. Nc3 Rg8 21. Nce4 Rg1+ 22. Rf1 Rxf1+ 23. Kxf1 Qg2+ 24. Ke1 h2 0-1

[Event "Early-Titled-Tuesday-Blitz-January-23-2024"]
[Site "Chess.com"]
[Date "2024.01.23"]
[Round "1"]
[White "Manukyan_Artak"]
[Black "1982lf"]
[Result "0-1"]
[WhiteElo "2508"]
[BlackElo "2944"]
[TimeControl "180+1"]
[EndTime "8:03:46 PST"]
[Termination "1982lf won by resignation"]

1. e4 e6 2. d4 d5 3. e5 c5 4. c3 Nc6 5. Nf3 Qb6 6. a3 Nh6 7. b4 cxd4 8. cxd4 Nf5 9. Bb2 Bd7 10.
g4 Nfe7 11. Nc3 h5 12. Na4 Qd8 13. Nc5 Rb8 14. g5 Ng6 15. h4 Bxc5 16. dxc5 Qc7 17. Qe2 Nce7 18. Qd2 a6 19. a4 a5 20. Ba3 axb4 21. Bxb4 Nxe5 22. Be2 Nxf3+ 23. Bxf3 Qe5+ 0-1

[Event "Early-Titled-Tuesday-Blitz-January-23-2024"]
[Site "Chess.com"]
[Date "2024.01.23"]
[Round "1"]
[White "hurricane7791"]
[Black "PenguinPacks"]
[Result "0-1"]
[WhiteElo "2689"]
[BlackElo "2411"]
[TimeControl "180+1"]
[EndTime "8:03:52 PST"]
[Termination "PenguinPacks won by checkmate"]

1. d4 Nf6 2. c4 e6 3. Nf3 Bb4+ 4. Nbd2 Qe7 5. a3 Bxd2+ 6. Qxd2 a5 7. b3 d6 8. e3 Nc6 9. Be2 e5 10. O-O O-O 11. h3 Bf5 12. Bb2 Bg6 13. Rad1 Ne4 14. Qc1 f5 15. c5 Kh8 16. cxd6 cxd6 17. Bb5 exd4 18. Nxd4 Rac8 19. Qa1 f4 20. exf4 Rxf4 21. f3 Ng3 22. Rfe1 Ne5 23. Ne2 Nxf3+ 24. gxf3 Qe3+ 25. Kh2 Qf2# 0-1

[Event "Early-Titled-Tuesday-Blitz-January-23-2024"]
[Site "Chess.com"]
[Date "2024.01.23"]
[Round "1"]
[White "JeFumeDesClopes"]
[Black "ElCoachRene"]
[Result "1-0"]
[WhiteElo "2547"]
[BlackElo "1912"]
[TimeControl "180+1"]
[EndTime "8:03:57 PST"]
[Termination "JeFumeDesClopes won by resignation"]

1. Nf3 d5 2. g3 Bf5 3. Bg2 e6 4. c4 c6 5. O-O h6 6. Qb3 Qb6 7.
d3 Nd7 8. Be3 Qxb3 9. axb3 a6 10. Bd4 Ngf6 11. Bc3 Be7 12. Nbd2 O-O 13. Rfd1 Rfe8 14.
b4 Bd6 15. e4 dxe4 16. dxe4 Bxe4 17. Nxe4 Nxe4 18. Ne1 Nxc3 19. Rxd6 Ne5 20. bxc3 Nxc4 21. Rd7 1-0

[Event "Early-Titled-Tuesday-Blitz-January-23-2024"]
[Site "Chess.com"]
[Date "2024.01.23"]
[Round "1"]
[White "Genghis_K"]
[Black "GiorgianBarbosa"]
[Result "1-0"]
[WhiteElo "2848"]
[BlackElo "2465"]
[TimeControl "180+1"]
[EndTime "8:04:00 PST"]
[Termination "Genghis_K won by resignation"]

1. e4 c5 2. Nf3 g6 3. d4 cxd4 4. Nxd4 Bg7 5. c4 Nc6 6. Be3 Nf6 7. Nc3 O-O 8. Be2 Nxd4 9. Bxd4 d6 10. O-O Bd7 11.
h3 Bc6 12. Qc2 a5 13. b3 Nd7 14.
Bxg7 Kxg7 15. Rad1 Qb6 16. Rfe1 a4 17. Qb2 Kg8 18.
b4 a3 19. Qb3 Nf6 20. Bf1 Rfc8 21. e5 dxe5 22. Rxe5 e6 23. c5 Qc7 24. Re3 Nd5 25.
Nxd5 Bxd5 26. Bc4 Bxc4 27. Qxc4 b6 28. c6 Qxc6 29. Rd8+ Kg7 30. Qxc6 1-0

[Event "Early-Titled-Tuesday-Blitz-January-23-2024"]
[Site "Chess.com"]
[Date "2024.01.23"]
[Round "1"]
[White "HajiyevKanan"]
[Black "invisible_s0ul"]
[Result "1-0"]
[WhiteElo "2604"]
[BlackElo "2251"]
[TimeControl "180+1"]
[EndTime "8:04:01 PST"]
[Termination "HajiyevKanan won by checkmate"]

1. d4 d5 2. c4 e6 3. cxd5 exd5 4.
Nc3 Nf6 5. Nf3 Bd6 6. Bg5 c6 7.
Qc2 Nbd7 8. e3 Nf8 9. Bd3 Ng6 10.
Nh4 Nxh4 11. Bxh4 Be6 12. O-O Qc7 13. f4 Ng4 14. Rae1 O-O 15. h3 Nh6 16. Bxh7+ Kh8 17. Bd3 f5 18. Bg5 Qd7 19. Nb1 Nf7 20. Bh4 Rac8 21.
Qe2 c5 22. Qh5+ Kg8 23. g4 fxg4 24. Qh7# 1-0

[Event "Early-Titled-Tuesday-Blitz-January-23-2024"]
[Site "Chess.com"]
[Date "2024.01.23"]
[Round "1"]
[White "salomez"]
[Black "Skatchkov_V"]
[Result "0-1"]
[WhiteElo "2287"]
[BlackElo "2624"]
[TimeControl "180+1"]
[EndTime "8:04:02 PST"]
[Termination "Skatchkov_V won by resignation"]

1. e4 e5 2. Nf3 d5 3. Nxe5 Bd6 4.
d4 dxe4 5. Nc3 Bxe5 6. dxe5 Qxd1+ 7. Kxd1 Bf5 8. Nd5 Na6 9. Bxa6 O-O-O 10. Bc4 Be6 11.
Bg5 f6 12. exf6 gxf6 13. Be3 Ne7 14. Ke2 Nxd5 15. Bxd5 Rxd5 16. Rhd1 Rhd8 17. Rxd5 Rxd5 18. Rd1 Bg4+ 19. f3 exf3+ 20. Ke1 Rxd1+ 21. Kxd1 f2+ 0-1

[Event "Early-Titled-Tuesday-Blitz-January-23-2024"]
[Site "Chess.com"]
[Date "2024.01.23"]
[Round "1"]
[White "Brave_spirit12"]
[Black "chess_blitz00"]
[Result "0-1"]
[WhiteElo "2773"]
[BlackElo "2455"]
[TimeControl "180+1"]
[EndTime "8:04:08 PST"]
[Termination "chess_blitz00 won by resignation"]

1. e4 c5 2. c3 e6 3. d4 cxd4 4.
cxd4 d5 5. Nc3 dxe4 6. Nxe4 Bd7 7. Nf3 Bc6 8. Bd3 Nf6 9. Nxf6+ Qxf6 10. Bg5 Bxf3 11. Qd2 Bb4 12. Qxb4 Qxg5 13. gxf3 Nd7 14. Qxb7 Rb8 15. Qxa7 Rxb2 16. Qa8+ Rb8 17. Qe4 Ke7 0-1

[Event "Early-Titled-Tuesday-Blitz-January-23-2024"]
[Site "Chess.com"]
[Date "2024.01.23"]
[Round "1"]
[White "BilodeauA"]
[Black "Irishchessman16"]
[Result "1-0"]
[WhiteElo "2924"]
[BlackElo "2501"]
[TimeControl "180+1"]
[EndTime "8:04:11 PST"]
[Termination "BilodeauA won by checkmate"]

1. e4 c5 2. Nf3 Nc6 3. Nc3 e5 4. Bc4 Be7 5. d3 d6 6. Nd2 Nf6 7. Nf1 Be6 8. Ne3 O-O 9. O-O Nd7 10. Ned5 Bg5 11. Bxg5 Qxg5 12. Nc7 Bh3 13. Qf3 Bg4 14. Qg3 Rac8 15. N7b5 Nd4 16. h3 h5 17. hxg4 h4 18. Qh3 Nf6 19. Nxd6 Rc6 20. Nf5 Nxg4 21. Qxh4 Qf4 22. Ne7# 1-0

[Event "Early-Titled-Tuesday-Blitz-January-23-2024"]
[Site "Chess.com"]
[Date "2024.01.23"]
[Round "1"]
[White "BogdanDeac"]
[Black "valeriocarnicelli"]
[Result "1-0"]
[WhiteElo "3081"]
[BlackElo "2532"]
[TimeControl "180+1"]
[EndTime "8:04:18 PST"]
[Termination "BogdanDeac won by checkmate"]

1. d4 Nf6 2. Bf4 d6 3. Nc3 g6 4. e4 Bg7 5. Qd2 c6 6. Be2 b5 7. a3 Nbd7 8. e5 dxe5 9. dxe5 Ng8 10. Rd1 Qa5 11. Nf3 e6 12. b4 Qxa3 13. Ne4 Kf8 14. Nd6 Nb6 15. Nxf7 Nd5 16. Nxh8 Bxh8 17. O-O Nge7 18.
Bh6+ Kg8 19. c4 bxc4 20. Bxc4 Bb7 21. Ra1 Qxb4 22. Qxb4 Nxb4 23. Bxe6# 1-0

[Event "Early-Titled-Tuesday-Blitz-January-23-2024"]
[Site "Chess.com"]
[Date "2024.01.23"]
[Round "1"]
[White "GHANDEEVAM2003"]
[Black "Mistango"]
[Result "1-0"]
[WhiteElo "3026"]
[BlackElo "2523"]
[TimeControl "180+1"]
[EndTime "8:04:20 PST"]
[Termination "GHANDEEVAM2003 won by resignation"]

1. c4 Nf6 2. g3 g6 3. Bg2 Bg7 4. Nc3 O-O 5. e3 c5 6. Nge2 Nc6 7. O-O b6 8. d4 cxd4 9. exd4 Bb7 10. Be3 d6 11.
Qd2 Rc8 12. Bh6 Qd7 13. Bxg7 Kxg7 14. b3 h5 15. h3 Rfe8 16. d5 Nb8 17. Nd4 a6 18.
Rfe1 Qc7 19. Qg5 Kh7 20. Ne4 Nbd7 21. Re3 Nxe4 22. Bxe4 Nf6 23. Rae1 Nxe4 24. Rxe4 e5 25. Nf5 gxf5 26. Rh4 1-0

[Event "Early-Titled-Tuesday-Blitz-January-23-2024"]
[Site "Chess.com"]
[Date "2024.01.23"]
[Round "1"]
[White "KnobbedHornbill"]
[Black "Yushko_Olga"]
[Result "1-0"]
[WhiteElo "2561"]
[BlackElo "2140"]
[TimeControl "180+1"]
[EndTime "8:04:23 PST"]
[Termination "KnobbedHornbill won by resignation"]

1. d4 e6 2. c4 Nf6 3. g3 d5 4. Nf3 c5 5. Bg2 Be7 6. O-O O-O 7. cxd5 exd5 8. dxc5 Bxc5 9. Qc2 Bb6 10. Nc3 Nc6 11. Na4 Bc7 12. Be3 g6 13. Rfd1 Bf5 14. Qb3 Na5 15.
Qb4 Bd6 16. Qh4 Nc4 17. Bg5 Be7 18. Nd4 Be6 19. Nc5 Bxc5 20. Bxf6 Be7 21. Bxe7 Qb8 22. Qh6 Nd6 23. Bf6 1-0

[Event "Early-Titled-Tuesday-Blitz-January-23-2024"]
[Site "Chess.com"]
[Date "2024.01.23"]
[Round "1"]
[White "KNVB"]
[Black "Magila31"]
[Result "1-0"]
[WhiteElo "2753"]
[BlackElo "2427"]
[TimeControl "180+1"]
[EndTime "8:04:28 PST"]
[Termination "KNVB won by resignation"]

1. d4 Nf6 2. Bf4 d6 3. e3 g6 4. h3 Bg7 5. Nf3 O-O 6. c3 b6 7.
a4 a5 8. Na3 Bb7 9. Be2 Nbd7 10. O-O Re8 11. Bh2 e6 12. Re1 Ne4 13. Nb5 Ndf6 14.
Bf1 Nd5 15. Nd2 Nxd2 16. Qxd2 f5 17. e4 Nf6 18. e5 dxe5 19. Bxe5 Ne4 20. Qf4 1-0

[Event "Early-Titled-Tuesday-Blitz-January-23-2024"]
[Site "Chess.com"]
[Date "2024.01.23"]
[Round "1"]
[White "FMCarmona"]
[Black "Young_Catalan_Player09"]
[Result "0-1"]
[WhiteElo "2158"]
[BlackElo "2566"]
[TimeControl "180+1"]
[EndTime "8:04:33 PST"]
[Termination "Young_Catalan_Player09 won by resignation"]

1. e4 c5 2. Nf3 d6 3. d4 cxd4 4. Nxd4 Nf6 5. Nc3 a6 6. Be3 e5 7.
Nb3 Be7 8. f3 Be6 9. Qd2 O-O 10.
O-O-O Nbd7 11. g4 b5 12. g5 Nh5 13. h4 Qc7 14. Bh3 b4 15. Nd5 Bxd5 16. Qxd5 Rac8 17. Rd2 g6 18. Bxd7 Qxd7 19. Qxe5 Rxc2+ 0-1

[Event "Early-Titled-Tuesday-Blitz-January-23-2024"]
[Site "Chess.com"]
[Date "2024.01.23"]
[Round "1"]
[White "Msb2"]
[Black "VinzentSpitzl"]
[Result "1-0"]
[WhiteElo "3062"]
[BlackElo "2528"]
[TimeControl "180+1"]
[EndTime "8:04:34 PST"]
[Termination "Msb2 won by resignation"]

1. d4 Nf6 2. c4 e6 3. Nc3 d5 4. cxd5 exd5 5. Bg5 Be7 6. e3 c6 7. Bd3 O-O 8. h3 Re8 9. Qc2 Ne4 10. Bf4 Nxc3 11. bxc3 h6 12. Nf3 Bd6 13. Ne5 Qc7 14. O-O Nd7 15. Bh7+ Kf8 16. Nxf7 Bxf4 17. exf4 Kxf7 18.
Bg6+ Kf8 19. Bxe8 Kxe8 20. Rae1+ Kf7 21. Re3 Nf6 22. Rfe1 g6 23. Re7+ Qxe7 24. Rxe7+ Kxe7 25. Qxg6 Be6 26. f5 Bf7 27. Qxh6 Ne4 28. f3 Nxc3 29. Qe3+ 1-0

[Event "Early-Titled-Tuesday-Blitz-January-23-2024"]
[Site "Chess.com"]
[Date "2024.01.23"]
[Round "1"]
[White "Egor_Koshulyan"]
[Black "Raud100"]
[Result "1-0"]
[WhiteElo "2693"]
[BlackElo "2379"]
[TimeControl "180+1"]
[EndTime "8:04:36 PST"]
[Termination "Egor_Koshulyan won by checkmate"]

1. e4 d6 2. d4 Nf6 3. Nc3 g6 4. f4 Bg7 5. Nf3 c5 6. d5 O-O 7. Bd3 b5 8. Nxb5 c4 9. Bxc4 Nxe4 10. O-O Qb6+ 11. Nbd4 Ba6 12. Bxa6 Nxa6 13. c3 Qc5 14. Qe2 Qxd5 15. Qxa6 e5 16. fxe5 dxe5 17. Nb3 f5 18. Be3 Rad8 19. Qa5 Qc6 20. Nxe5 Qe6 21. Bd4 Rfe8 22.
Nf3 Bf8 23. Qe5 Qf7 24. Qh8# 1-0

[Event "Early-Titled-Tuesday-Blitz-January-23-2024"]
[Site "Chess.com"]
[Date "2024.01.23"]
[Round "1"]
[White "UnTucopalaTimba"]
[Black "ChainedDowntohell"]
[Result "0-1"]
[WhiteElo "1970"]
[BlackElo "2551"]
[TimeControl "180+1"]
[EndTime "8:04:42 PST"]
[Termination "ChainedDowntohell won by resignation"]

1. e4 c5 2. Nf3 a6 3. d4 cxd4 4. Nxd4 Nf6 5. Nc3 e5 6. Nf5 d5 7.
Bg5 d4 8. Nd5 Bxf5 9. Nxf6+ gxf6 10. Bh4 Be6 11. Bd3 Nd7 12. O-O Bh6 13. Qh5 Bg5 14. Bg3 Nc5 15. f4 exf4 16. Bxf4 Nxd3 17. cxd3 Qe7 18. Rac1 O-O 19. Rf3 Rfc8 20. Rcf1 Rc5 21. Rg3 Kh8 22. b4 Bxf4 23. bxc5 Bxg3 0-1

[Event "Early-Titled-Tuesday-Blitz-January-23-2024"]
[Site "Chess.com"]
[Date "2024.01.23"]
[Round "1"]
[White "Aash20"]
[Black "Sargsyan_Shant"]
[Result "0-1"]
[WhiteElo "2495"]
[BlackElo "2915"]
[TimeControl "180+1"]
[EndTime "8:04:45 PST"]
[Termination "Sargsyan_Shant won by resignation"]

1. e4 g6 2. d4 Nf6 3. Nc3 d5 4.
e5 Ne4 5. Nxe4 dxe4 6. Bc4 Bg7 7. Ne2 c5 8. c3 O-O 9. O-O cxd4 10. cxd4 Nc6 11.
Be3 Na5 12. Bb5 a6 13. Ba4 Nc4 14. Bc1 Bg4 15. Bb3 Rc8 16. Bxc4 Rxc4 17. Be3 Qd5 18.
Nc3 Rxc3 19. Qxg4 Rc2 20. b3 f5 21. Qd1 Rfc8 22. g3 e6 23. Rc1 Rxc1 24. Bxc1 Bf8 25.
Be3 Bb4 26. h4 h5 27. Qb1 Kf7 28. Rc1 Rc6 29. Rxc6 Qxc6 30. Qd1 Be7 31. Kf1 b5 32. Ke2 a5 33. Qd2 a4 34. Qc1 Qxc1 35. Bxc1 Ke8 36.
Be3 axb3 37. axb3 Kd7 38. Kd2 Kc6 39. Kc3 Kd5 40. b4 Bd8 41. Bc1 Bb6 42. Be3 Ba7 0-1

[Event "Early-Titled-Tuesday-Blitz-January-23-2024"]
[Site "Chess.com"]
[Date "2024.01.23"]
[Round "1"]
[White "betta2004"]
[Black "Better_Chess_Faster"]
[Result "0-1"]
[WhiteElo "2542"]
[BlackElo "2106"]
[TimeControl "180+1"]
[EndTime "8:04:45 PST"]
[Termination "Better_Chess_Faster won by checkmate"]

1. d4 f5 2. g4 fxg4 3. e4 d5 4. e5 c5 5. h3 g3 6. fxg3 cxd4 7. Nf3 Nc6 8. Bf4 e6 9. Nbd2 Bb4 10. a3 Ba5 11. b4 Bc7 12. Nb3 Nge7 13. Nbxd4 O-O 14.
Bd3 Nxd4 15. Nxd4 Nf5 16. Nxf5 exf5 17. O-O g5 18. Qh5 gxf4 19. gxf4 Qe8 20. Qf3 Be6 21. Kh2 Kh8 22. Be2 Rg8 23. Rad1 Qf7 24. Qc3 Rg7 25. Bf3 Rag8 26. Rg1 Bb6 27. Rxg7 Qxg7 28. a4 Qg3+ 29.
Kh1 Qxh3# 0-1

[Event "Early-Titled-Tuesday-Blitz-January-23-2024"]
[Site "Chess.com"]
[Date "2024.01.23"]
[Round "1"]
[White "marcodobrikov"]
[Black "Chempiblinka"]
[Result "1-0"]
[WhiteElo "2640"]
[BlackElo "2322"]
[TimeControl "180+1"]
[EndTime "8:04:46 PST"]
[Termination "marcodobrikov won by resignation"]

1. c4 Nf6 2. h4 g6 3. Nc3 h5 4. e4 d6 5. d4 Bg7 6. f3 c5 7. d5 O-O 8. Bg5 a6 9. Qd2 b5 10. cxb5 axb5 11. Bxb5 Ba6 12. Nge2 Qa5 13. a4 Nbd7 14. Ra3 Nb6 15. b3 Qb4 16. Qa2 Bxb5 17. Bd2 Nc4 18. Nxb5 Nxd2 19. Qxd2 Qxd2+ 20. Kxd2 Nd7 21. a5 Nb6 22. axb6 Rxa3 23. Nxa3 Rb8 24.
Nc4 1-0